 Dungeon Crawl Stone Soup version 0.24.0-1-gfbc8707 (webtiles) character file.

Game seed: 1258811122003817598, levelgen mode: deterministic

149 BleediousPenious the Shield-Bearer (level 5, -2/41 HPs)
             Began as a Human Fighter on Jan 11, 2020.
             Splashed by a hobgoblin's acid (12 damage)
             ... on level 3 of the Dungeon.
             The game lasted 00:06:12 (1979 turns).

BleediousPenious the Shield-Bearer (Human Fighter)  Turns: 1979, Time: 00:06:13

Health: -2/41      AC:  8    Str: 17    XL:     5   Next: 57%
Magic:  5/5        EV:  7    Int:  9    God:
Gold:   88         SH:  9    Dex: 12    Spells: 4/4 levels left

rFire    . . .     SeeInvis .   j - +1 falchion (protect)
rCold    . . .     Gourm    .   c - +0 shield
rNeg     . . .     Faith    .   b - +0 scale mail
rPois    .         Spirit   .   k - +0 helmet
rElec    .         Reflect  .   (no cloak)
rCorr    .         Harm     .   (no gloves)
MR       .....                  (no boots)
Stlth    ..........             (no amulet)
HPRegen  0.13/turn              (no ring)
MPRegen  0.09/turn              (no ring)

@: no status effects
A: no striking features
a: no special abilities


You were on level 3 of the Dungeon.
You were not hungry.

You visited 1 branch of the dungeon, and saw 3 of its levels.

You collected 88 gold pieces.

Inventory:

Hand Weapons
 a - a +0 trident
 j - a +1 falchion of protection (weapon)
 l - a +0 dagger
Armour
 b - a +0 scale mail (worn)
 c - a +0 shield (worn)
 k - a +0 helmet (worn)
Wands
 g - a wand of flame (27)
Scrolls
 d - a scroll of teleportation
 h - 5 scrolls of identify
 m - 4 scrolls of fear {unknown}
 n - 3 scrolls of remove curse {unknown}
Potions
 e - a potion of degeneration {unknown}
Comestibles
 f - 4 rations


   Skills:
 + Level 3.2 Fighting
 + Level 0.2 Long Blades
 + Level 3.5 Polearms
 + Level 3.6 Armour
 + Level 1.2 Dodging
 + Level 0.3 Stealth
 + Level 3.8 Shields


You had 4 spell levels left.
You didn't know any spells.
Your spell library was empty.

Dungeon Overview and Level Annotations

Branches:
Dungeon (3/15)

Altars:
Kikubaaqudgha


Message History

No target in view!
Things that are here:
a jackal corpse x2
Found a robe.
A hobgoblin comes into view.
It is wielding a +0 club and carrying a wand of acid (9).
The hobgoblin shouts!
The hobgoblin barely misses you.
You closely miss the hobgoblin.
The hobgoblin zaps a wand.
The bolt of acid hits you!!
You are splashed with acid!
* * * LOW HITPOINT WARNING * * *
You are too injured to fight recklessly!
You are too injured to fight recklessly!
You are too injured to fight recklessly!
You are too injured to fight recklessly!
You feel much better.
The hobgoblin zaps a wand.
The bolt of acid misses you.
A rat comes into view.
The hobgoblin zaps a wand.
The bolt of acid hits you!
* * * LOW HITPOINT WARNING * * *
You are splashed with acid!
You die...

#.###.. ##.#.###
##†.#
.#######..######
...............[
.#######.#######
..........# ...#
#########.#r.#
#@g# ###.# #..
###


You could see a hobgoblin and a rat.

Vanquished Creatures
  A bullfrog skeleton (D:2)
  Robin (D:2)
  2 adders (D:2)
  An ooze (D:1)
  2 worms (D:2)
  3 dart slugs (D:1)
  2 leopard geckos
  An orc (D:3)
  2 giant cockroaches
  18 goblins
  10 hobgoblins
  4 jackals
  5 kobolds
  A quokka (D:2)
  A ball python (D:2)
  3 bats
  2 frilled lizards
  9 rats
68 creatures vanquished.

Vanquished Creatures (others)
  A human (D:2)
1 creature vanquished.

Grand Total: 69 creatures vanquished

Notes
Turn   | Place    | Note
-------+----------+-------------------------------------------
     0 | D:1      | BleediousPenious the Human Fighter began the quest for the
                  | Orb.
     0 | D:1      | Reached XP level 1. HP: 18/18 MP: 1/1
    73 | D:1      | Reached XP level 2. HP: 24/24 MP: 2/2
   386 | D:1      | Reached XP level 3. HP: 26/29 MP: 3/3
   806 | D:2      | Reached XP level 4. HP: 29/35 MP: 4/4
  1092 | D:2      | Noticed Robin
  1158 | D:2      | Killed Robin
  1166 | D:2      | Reached skill level 1 in Dodging
  1166 | D:2      | Reached XP level 5. HP: 10/41 MP: 5/5
  1440 | D:2      | Found an ancient bone altar of Kikubaaqudgha.
  1440 | D:2      | Noticed a human
  1443 | D:2      | Killed a human
  1979 | D:3      | Splashed by a hobgoblin's acid

Levels and vault maps discovered:
D:1:      dpeg_arrival_houses_and_road, layout_basic, minmay_tiny_reverse_x
D:2:      wander_river, layout_rooms, tgw_kikubaaqudgha, uniq_robin
D:3:      layout_loops_ring, marbit_many_paths, makhleb_altar_promises_db

Skill      XL: |  1  2  3  4 |
---------------+-------------+-----
Polearms       | 3 |  3.5
Dodging        | 1 |  1.2
Fighting       | |  3.2
Long Blades    | |  0.2
Armour         | |  3.6
Stealth        | |  0.3
Shields        | |  3.8

Action                   |  1- 3 |  4- 6 || total
-------------------------+-------+-------++-------
Melee: Trident           |    68 |    76 ||   144
       Falchion          |       |    59 ||    59
  Use: Scroll            |     4 |       ||     4
       Potion            |       |     3 ||     3
 Stab: Distracted        |       |     1 ||     1
  Eat: Chunk             |       |     4 ||     4
Armor: Scale mail        |    18 |    37 ||    55
       Skin              |       |    52 ||    52
Dodge: Dodged            |    13 |    39 ||    52
Block: Shield            |    17 |    81 ||    98
       Rpst.: Falchion   |       |     6 ||     6
